 Dungeon Crawl Stone Soup version 0.19-a0-599-g723c685 (webtiles) character file.

800 Leibowitz the Spear-Bearer (level 7, -3/55 HPs)
             Began as a Merfolk Gladiator on June 11, 2016.
             Slain by an orc
             ... wielding a +1 flail of protection
              (6 damage)
             ... on level 5 of the Dungeon.
             The game lasted 00:13:13 (5527 turns).

Leibowitz the Spear-Bearer (Merfolk Gladiator)      Turns: 5527, Time: 00:13:14

Health: -3/55      AC:  4    Str: 15    XL:     7   Next: 90%
Magic:  7/7        EV: 17    Int:  7    God:
Gold:   205        SH:  0    Dex: 17    Spells: 0 memorised, 6 levels left

rFire  . . .     SeeInvis .     a - +2 spear (flame)
rCold  + . .     Gourm    .     b - +0 leather armour
rNeg   . . .     Faith    .     (no shield)
rPois  .         Spirit   .     c - +0 helmet
rElec  .         Dismiss  .     (no cloak)
rCorr  .         Reflect  .     (no gloves)
SustAt .         Harm     .     (no boots)
MR     .....                    (no amulet)
Stlth  ++........               F - ring of flight
                                u - ring of protection from cold

@: not resistant to hostile enchantments, unstealthy
A: change form in water, swift swim
a: Evoke Flight


You were on level 5 of the Dungeon.
You were not hungry.

You visited 1 branch of the dungeon, and saw 5 of its levels.

You collected 205 gold pieces.

Inventory:

Hand Weapons
 a - a +2 spear of flaming (weapon)
 H - a +0 trident
Missiles
 d - a throwing net (quivered)
 h - 3 javelins
 o - 39 poisoned needles
 r - 3 needles of sleeping
Armour
 b - a +0 leather armour (worn)
 c - a +0 helmet (worn)
Jewellery
 u - a ring of protection from cold (left hand)
 F - a ring of flight (right hand)
Scrolls
 e - 4 scrolls of recharging {unknown}
 g - 9 scrolls of identify {unknown}
 i - 3 scrolls of fog {unknown}
 n - a scroll of random uselessness {unknown}
 q - a scroll of blinking {unknown}
 t - 2 scrolls of remove curse {unknown}
 x - a scroll of immolation {unknown}
 y - a scroll of teleportation {unknown}
Potions
 j - a potion of degeneration {unknown}
 k - 2 potions of might {unknown}
 l - 3 potions of curing {unknown}
 p - 2 potions of flight {unknown}
 s - a potion of mutation {unknown}
 z - a potion of agility {unknown}
 A - a potion of brilliance {unknown}
 B - a potion of haste {unknown}
 C - 2 potions of lignification {unknown}
 D - a potion of magic {unknown}
 E - a potion of cure mutation {unknown}
Comestibles
 f - 6 bread rations
 m - a slice of pizza
 v - 3 meat rations
 w - a beef jerky


   Skills:
 * Level 4.8 Fighting
 * Level 8.0 Polearms
 - Level 2.0 Throwing
 * Level 2.2 Armour
 * Level 7.4 Dodging
 + Level 1.2 Stealth


You had 6 spell levels left.
You didn't know any spells.

Dungeon Overview and Level Annotations

Branches:
Dungeon (5/15)
 Temple: D:4-7

Altars:
Dithmenos
Fedhas


Message History

The orc shouts!
The orc priest invokes the aid of Beogh against you.
Beogh smites you! The orc closely misses you.
Found a fuming coppery potion.
You hit the orc. You burn the orc.
The orc is heavily wounded.
You hit the orc. You burn the orc.
You kill the orc!
You barely miss the orc priest.
The orc priest calls down the wrath of Beogh upon you.
Beogh smites you! The orc priest completely misses you.
You closely miss the orc priest.
The orc priest hits you but does no damage.
You closely miss the orc priest. You barely miss the orc priest.
The orc priest hits you with a hand axe of electrocution!
You are electrocuted!
* * * LOW HITPOINT WARNING * * *
The orc hits you with a flail of protection.
You die...

#! .......
#..##.
#.#.......
#.....
#.#......#
#.....K
#.#......#
#......
#.#......#
#<.....
#.#......#
#......
######.#).....#
#......
.......ooo....#
#......
####....@..####
#.....>
#.......# #[
#.......# #)
#.......# #.
##.......# #.
#........# ###+
#........# #...
#........# #...
#....##### #...


You could see 2 orc priests and an orc.

Vanquished Creatures
  2 ogres
  A gnoll sergeant (D:5)
  2 howler monkeys (D:4)
  A jelly (D:4)
  2 hounds (D:4)
  A centaur skeleton (D:4)
  Jessica (D:2)
  An iguana (D:5)
  5 worker ants
  7 gnolls
  5 adders
  A howler monkey skeleton (D:4)
  A shadow imp (D:5)
  2 worms
  3 dart slugs
  4 giant geckos
  5 orcs
  9 bats
  5 giant cockroaches
  5 goblins
  12 hobgoblins
  3 jackals (D:4)
  2 quokkas
  2 ball pythons
  A ball python zombie (D:5)
  2 giant newts
  5 kobolds
  10 rats
100 creatures vanquished.

Notes
Turn   | Place    | Note
--------------------------------------------------------------
     0 | D:1      | Leibowitz the Merfolk Gladiator began the quest for the Orb.
     0 | D:1      | Reached XP level 1. HP: 16/16 MP: 1/1
    82 | D:1      | Reached XP level 2. HP: 18/22 MP: 2/2
   248 | D:1      | Reached skill level 5 in Polearms
   399 | D:1      | Reached XP level 3. HP: 28/28 MP: 3/3
  1183 | D:2      | Noticed Jessica
  1191 | D:2      | Killed Jessica
  1191 | D:2      | Reached skill level 5 in Dodging
  1191 | D:2      | Reached XP level 4. HP: 34/34 MP: 4/4
  1773 | D:2      | Found a blossoming altar of Fedhas.
  2461 | D:3      | Reached XP level 5. HP: 33/40 MP: 5/5
  2789 | D:4      | Reached skill level 6 in Polearms
  2974 | D:4      | Reached skill level 1 in Armour
  3380 | D:4      | Reached XP level 6. HP: 47/47 MP: 6/6
  4026 | D:4      | Found a blossoming altar of Fedhas.
  4036 | D:4      | Reached skill level 7 in Polearms
  4094 | D:4      | Found a shadowy altar of Dithmenos.
  4201 | D:4      | Reached XP level 7. HP: 19/53 MP: 7/7
  4781 | D:5      | Entered Level 5 of the Dungeon
  5197 | D:5      | Reached skill level 1 in Stealth
  5509 | D:5      | Reached skill level 8 in Polearms
  5527 | D:5      | Slain by an orc

Vault maps used:
D:1:      ncdulo_lavacross
D:2:      kennysheep_six_static_rooms, fedhas_altar_3, uniq_jessica
D:4:      kennysheep_mini, marbit_many_paths, first_bread,
          kennysheep_generic_room_8

Skill      XL: |  1  2  3  4  5  6  7 |
---------------+----------------------+-----
Polearms       | 5 6 7 8 |  8.0
Dodging        | 5 6 7 |  7.4
Fighting       | 3 4 |  4.8
Armour         | 1 2 |  2.2
Stealth        | 1 |  1.2
Throwing       | |  2.0

Action                   |  1- 3 |  4- 6 |  7- 9 || total
-------------------------+-------+-------+-------++-------
Melee: Trident           |    90 |   213 |    80 ||   383
       Spear             |       |       |    19 ||    19
Throw: Throwing net      |       |     3 |     2 ||     5
       Javelin           |       |     5 |     4 ||     9
 Stab: Sleeping          |       |     1 |     2 ||     3
       Held in net/web   |       |       |     3 ||     3
  Eat: Chunk             |     1 |     9 |     5 ||    15
Armor: Leather armour    |    42 |    43 |     8 ||    93
Dodge: Dodged            |    79 |   183 |    52 ||   314
